 Dungeon Crawl Stone Soup version 0.27-a0-1529-g1e82c303ef (webtiles) character file.

Game seed: 14696546533777081516

4 flotson the Sneak (level 1, -3/14 HPs)
             Began as a Gargoyle Delver on July 11, 2021.
             Killed by nerve-wracking pain
             ... invoked by Grinder
              (5 damage)
             ... while paralysed by Grinder
             ... on level 3 of the Dungeon.
             The game lasted 00:01:31 (387 turns).

flotson the Sneak (Gargoyle Delver)                  Turns: 387, Time: 00:01:31

Health: -3/14      AC:  5    Str: 15    XL:     1   Next: 60%
Magic:  1/1        EV:  2    Int: 10    God:
Gold:   6          SH:  0    Dex: 11    Spells: 0/0 levels left

rFire    . . .     SeeInvis .   a - +0 hand axe
rCold    . . .     Faith    .   (no shield)
rNeg     + . .     Spirit   .   b - +0 leather armour
rPois    ∞         Reflect  .   (no helmet)
rElec    +         Harm     .   (no cloak)
rCorr    .         Rampage  .   (no gloves)
Will     .....                  (no boots)
Stlth    +++.......             (no amulet)
HPRegen  0.04/turn              (no ring)
MPRegen  0.07/turn              (no ring)

@: paralysed
A: sickness immunity, AC +2, negative energy resistance 1, electricity
resistance, torment resistance 1, petrification resistance
a: no special abilities


You were on level 3 of the Dungeon.
You visited 1 branch of the dungeon, and saw 3 of its levels.

You collected 6 gold pieces.

Inventory:

Hand Weapons
 a - a +0 hand axe (weapon)
Missiles
 f - 7 boomerangs (quivered)
Armour
 b - a +0 leather armour (worn)
Wands
 g - a wand of digging (3)
Scrolls
 c - a scroll of fog
 d - a scroll of magic mapping
 e - a scroll of fear
 h - a scroll of identify {unknown}


   Skills:
 + Level 3.3 Fighting
 + Level 1.8 Axes
 + Level 0.0 Throwing
 + Level 0.3 Armour
 + Level 1.6 Dodging
 - Level 5.4 Stealth
 + Level 0.0 Evocations


You couldn't memorise any spells.
You didn't know any spells.
Your spell library was empty.

Dungeon Overview and Level Annotations

Branches:
Dungeon (5/15)
 Temple: D:4-7

Altars:
Okawaru

Annotations:
D:3 Grinder


Innate Abilities, Weirdness & Mutations

You are immune to sickness and miasma.
Your stone body is resilient. (AC +2)
You are immune to poison.
You resist negative energy. (rN+)
You are resistant to electric shocks. (rElec)
You are resistant to unholy torment.
You are immune to petrification.


Message History

You feel yourself speed up. The necrophage hits you.
* * * LOW HITPOINT WARNING * * *
You hit the necrophage.
The necrophage is lightly damaged.
The necrophage barely misses you.
You barely miss the necrophage.
The necrophage is lightly damaged.
The necrophage completely misses you.
You closely miss the necrophage.
The necrophage is lightly damaged.
You barely miss the necrophage.
The necrophage is lightly damaged.
The necrophage hits you but does no damage.
You hit the necrophage.
The necrophage is moderately damaged.
The necrophage hits you.
* * * LOW HITPOINT WARNING * * *
You hit the necrophage.
The necrophage is heavily damaged.
The necrophage hits you.
* * * LOW HITPOINT WARNING * * *
Found 7 boomerangs.
You see here 7 boomerangs.
f - 7 boomerangs
Found a hand axe.
You see here a +0 hand axe.
Your extra speed is starting to run out.
The hobgoblin shouts!
You open the door.
Grinder comes into view.
You feel yourself slow down.
There is an open door here.
Grinder shouts!
Grinder gestures at you.
You suddenly lose the ability to move!
Grinder gestures at you.
You shrug off the repeated paralysis!
Grinder gestures at you. Pain shoots through your body!
You die...

##≈ ♣PP.. ..
≈♣PP.##### .≈
≈≈≈ P≈.... ≈
≈≈♣♣≈.P.P≈ #≈
P≈♣≈≈≈g≈≈
#.#+#.##.
≈PP≈P♣
#.......# P.P≈
+......@###.#
#.......'...#
#.......###.#
#..5....# #.#
... #.......#
#.#########...
#.......#
#.........#...
#########
#########.# ..
#)# .. #.####


You could see Grinder.

Vanquished Creatures
  An orc (D:4)
  A giant cockroach (D:4)
  A ball python (D:4)
3 creatures vanquished.

Vanquished Creatures (others)
  A plant (D:3)
1 creature vanquished.

Grand Total: 4 creatures vanquished

Notes
Turn   | Place    | Note
-------+----------+-------------------------------------------
     0 | D:5      | flotson the Gargoyle Delver began the quest for the Orb.
     0 | D:5      | Reached XP level 1. HP: 14/14 MP: 1/1
    73 | D:4      | Noticed an orc priest
   310 | D:4      | Found an iron altar of Okawaru.
   327 | D:4      | Noticed a necrophage
   383 | D:3      | Noticed Grinder
   385 | D:3      | Paralysed by Grinder for 5 turns
   387 | D:3      | Killed from afar by Grinder

Illustrated notes

Levels and vault maps discovered:
D:3:      layout_basic, old_standard_altar, serial_bayou_lagoon_a, uniq_grinder,
          uniq_terence
D:4:      layout_cave_pools, mainiacjoe_overflow_alcove_4,
          minmay_temple_entry_mist, hangedman_decor_opposing,
          kennysheep_pointless_box, patterned_corridor
D:5:      layout_layer_cave

Action                   || total
-------------------------++-------
Melee: Hand axe          ||    18
  Use: Potion            ||     1
 Stab: Sleeping          ||     1
Armor: Leather armour    ||     4
Dodge: Dodged            ||    10

Table legend: (Time is in decaauts)
 A = Elapsed time spent in this place.
 B = Non-inter-level travel time spent in this place.
 C = Inter-level travel time spent in this place.
 D = Time resting spent in this place.
 E = Time spent auto-exploring this place.
 F = Levels seen in this place.
 G = Mean time per level.
                   A        B        C        D        E       F      G
               +--------+--------+--------+--------+--------+-----+--------+
         Total |    376 |    352 |     24 |      0 |    156 |   3 |  125.3 |
       Dungeon |    376 |    352 |     24 |      0 |    156 |   3 |  125.3 |
               +--------+--------+--------+--------+--------+-----+--------+

Top non-repeatable levels by time:
     D:4: 298 daAuts
     D:5: 45 daAuts
     D:3: 33 daAuts
